 Dungeon Crawl Stone Soup version 0.28-a0-948-gee6e0bcda6 (webtiles) character file.

Game seed: 13730210063160401095

12002 Gargoyl the Fighter (level 11, -2/80 HPs)
             Began as a Gnoll Abyssal Knight on Nov 30, 2021.
             Was an Elder of Lugonu.
             Slain by Onib's ghost (16 damage)
             ... on level 2 of the Lair of Beasts.
             The game lasted 00:13:28 (12568 turns).

Gargoyl the Fighter (Gnoll Abyssal Knight)         Turns: 12568, Time: 00:13:28

Health: -2/80      AC: 21    Str: 17    XL:     11   Next: 86%
Magic:  21/21      EV: 11    Int:  4    God:    Lugonu [****..]
Gold:   363        SH:  6    Dex: 19    Spells: 23/23 levels left

rFire   . . .      SeeInvis .   k - +8 mace of Ostriush {drain, rPois Int-5 Dex+7}
rCold   . . .      Faith    .   v - +0 buckler
rNeg    + + .      Spirit   .   e - +1 chain mail {Will+}
rPois   +          Reflect  .   b - +2 helmet of Inaction {rN++ Slay+2}
rElec   .          Harm     .   c - +1 cloak {Stlth+}
rCorr   .          Rampage  +   l - +0 pair of gloves
Will    ++...                   n - +1 pair of boots {rampage}
Stlth   ++........              (no amulet)
HPRegen 0.23/turn               g - ring of willpower
MPRegen 0.17/turn               (no ring)

@: no status effects
A: fangs 1, strong nose, distributed training, frail 1, evolution 1
a: Renounce Religion, Depart the Abyss, Bend Space, Banish, Corrupt


You were on level 2 of the Lair of Beasts.
You worshipped Lugonu.
Lugonu was greatly pleased with you.
You visited 2 branches of the dungeon, and saw 10 of its levels.
You visited the Abyss 1 time.

You collected 543 gold pieces.
You spent 180 gold pieces at shops.

Inventory:

Hand Weapons
 a - a +2 hand axe
 k - the +8 mace of Ostriush (weapon) {drain, rPois Int-5 Dex+7}
   (You found it on level 4 of the Dungeon)

   A truly terrible weapon, it drains the life of any living foe it strikes.
   Int:       It affects your intelligence (-5).
   Dex:       It affects your dexterity (+7).
   rPois:     It protects you from poison.
 u - the +8 hand axe "Saisicex" {freeze, Str+2}
   (You found it on level 7 of the Dungeon)

   It freezes those it strikes, dealing additional cold damage.
   It can also slow down cold-blooded creatures.
   Str:       It affects your strength (+2).
 z - a +1 scimitar of flaming
Missiles
 r - 3 throwing nets
Armour
 b - the +2 helmet of Inaction (worn) {rN++ Slay+2}
   (You took it off Robin on level 3 of the Dungeon)

   Slay:      It affects your accuracy & damage with ranged weapons and melee
   (+2).
   rN:        It greatly protects you from negative energy.
 c - a +1 cloak of stealth (worn)
 e - a +1 chain mail of willpower (worn)
 l - a +0 pair of gloves (worn)
 n - a +1 pair of boots of rampaging (worn)
 v - a +0 buckler (worn)
Jewellery
 g - a ring of willpower (left hand)
 s - a +4 ring of evasion
 w - an amulet of the acrobat
 x - the amulet "Angedd" {Faith Regen+ SInv}
   (You took it off a centaur on level 8 of the Dungeon)

   [amulet of faith]

   It allows you to gain divine favour quickly.
   SInv:      It lets you see invisible.
   Regen:     It increases your rate of health regeneration.
 D - a ring of flight
Wands
 o - a wand of paralysis (9)
 q - a wand of flame (22)
 t - a wand of acid (3)
Scrolls
 d - 5 scrolls of teleportation
 h - 5 scrolls of identify
 p - a scroll of blinking
 y - a scroll of fear
 C - a scroll of fog
 E - a scroll of brand weapon {unknown}
Potions
 f - 3 potions of heal wounds
 i - 6 potions of curing
 j - a potion of might
 m - 3 potions of haste
 A - 4 potions of ambrosia
 B - a potion of resistance {unknown}


   Skills:
 + Level 9.4 Fighting
 + Level 6.7 Short Blades
 + Level 6.7 Long Blades
 + Level 8.2 Axes
 + Level 6.7 Maces & Flails
 + Level 6.7 Polearms
 + Level 6.7 Staves
 + Level 6.7 Slings
 + Level 6.7 Bows
 + Level 6.7 Crossbows
 + Level 6.7 Throwing
 + Level 8.2 Armour
 + Level 7.2 Dodging
 + Level 6.7 Stealth
 + Level 6.7 Shields
 + Level 6.7 Unarmed Combat
 + Level 6.7 Spellcasting
 + Level 5.5 Conjurations
 + Level 5.5 Hexes
 + Level 5.5 Summonings
 + Level 5.5 Necromancy
 + Level 5.5 Translocations
 + Level 5.5 Transmutations
 + Level 5.5 Fire Magic
 + Level 5.5 Ice Magic
 + Level 5.5 Air Magic
 + Level 5.5 Earth Magic
 + Level 5.5 Poison Magic
 + Level 8.7 Invocations
 + Level 6.7 Evocations


You had 23 spell levels left.
You didn't know any spells.
Your spell library contained the following spells:

 Spells                   Type           Power      Damage    Failure   Level
 Sandblast                Erth           10%        2d5       32%         1
 Corpse Rot               Necr/Air       10%        N/A       43%         2
 Ensorcelled Hibernation  Hex/Ice        10%        N/A       43%         2
 Passwall                 Tmut/Erth      4%         N/A       43%         2
 Poisonous Vapours        Pois/Air       10%        N/A       43%         2
 Spider Form              Tmut/Pois      5%         N/A       67%         3
 Stone Arrow              Conj/Erth      10%        3d7       67%         3
 Airstrike                Air            2%         N/A       97%         4
 Summon Lightning Spire   Summ/Air       5%         N/A       97%         4
 Lightning Bolt           Conj/Air       2%         1d14      100%        5


Dungeon Overview and Level Annotations

Branches:
Dungeon (8/15)             Temple (0/1) D:6            Lair (2/6) D:8
  Swamp: Lair:2-4    Shoals: Lair:2-4     Snake: Lair:2-4    Spider: Lair:2-4

Altars:
Dithmenos
Fedhas
Makhleb
Ru
Trog
Yredelemnul
Jiyva

Shops:
D:4 ?=[=*   D:7 *

Annotations:
D:4 1 runed translucent door
Lair:2 Onib's ghost, journeyman MiBe


Innate Abilities, Weirdness & Mutations

You have very sharp teeth.
Your uncanny sense of smell can sniff out nearby items.
Your experience applies equally to all skills.
You are frail. (-10% HP)
You have hidden genetic potential.


Message History

Found 29 stones.
You now have 345 gold pieces (gained 19).
You now have 363 gold pieces (gained 18).
Found 4 atropa-tipped darts.
Found four items.
Found a viscous altar of Jiyva.
The slime creature quivers.
Onib's ghost turns its malevolent gaze towards you.
The slime creature quivers.
Two slime creatures merge to form a large slime creature.
Found a mace.
You open the gate.
Two slime creatures merge to form a very large slime creature.
You hit Onib's ghost. Your bite misses Onib's ghost.
Onib's ghost is lightly damaged.
Onib's ghost mumbles, "They all look like pillowcases to me..."
Onib's ghost hits you!
You sock Onib's ghost!
You bite Onib's ghost, but do no damage.
Onib's ghost is lightly damaged.
Onib's ghost hits you but does no damage.
You thump Onib's ghost!
Onib's ghost is lightly damaged.
You block Onib's ghost's attack.
You hit Onib's ghost.
You bite Onib's ghost, but do no damage.
Onib's ghost is moderately damaged.
Onib's ghost hits you!
You sock Onib's ghost!
Onib's ghost is moderately damaged.
Onib's ghost whispers, "Soon you will have time, lots of time..."
Onib's ghost hits you!!
You closely miss Onib's ghost. You bite Onib's ghost.
Onib's ghost is moderately damaged.
Onib's ghost hits you!!
* * * LOW HITPOINT WARNING * * *
You closely miss Onib's ghost.
You bite Onib's ghost, but do no damage.
Onib's ghost is moderately damaged.
Onib's ghost hits you!
You die...

........'JJ..([#..........(..
........#J....##.............
......J.##...##.......<......
.........##########...####.P.
...........########...#......
P.#.........#....#....P......
...#(.....JJ.................
..........JW#....P#..........
...........#@....##...P......
...........##....##...#......
..#........#.....##...##P..#.
#........####.###..........
###.......##.#####..........
............................
#######.#########P.##.##.##P
### ########## #


You could see 2 slime creatures, 2 jellies and Onib's ghost.

Vanquished Creatures
  The ghost of Oshino the Cleaver, a journeyman HOFi of Okawaru (Lair:1)
  Harold (D:7)
  A hydra (Lair:1)
  The ghost of mojasp the Dealer of Despair, a journeyman DsNe of Kikubaaqudgha (Lair:1)
  Erica (D:8)
  A black mamba (Lair:1)
  3 elephants (Lair:1)
  Joseph (D:8)
  3 cane toads (Lair:1)
  2 rime drakes (Lair:1)
  3 komodo dragons
  A queen bee (Lair:1)
  Sigmund (D:4)
  6 yaks (Lair:1)
  2 basilisks (Lair:1)
  A steam dragon (D:8)
  3 water moccasins
  A black bear (D:4)
  An ice beast (D:8)
  A necrophage (D:8)
  3 centaurs (D:8)
  An ogre (D:4)
  4 bullfrogs
  A wyvern zombie (D:7)
  2 scorpions
  A wyvern skeleton (D:7)
  A water moccasin skeleton (D:5)
  24 killer bees (Lair:1)
  5 wights (D:6)
  An electric eel (D:7)
  4 hounds
  Crazy Yiuf (D:4)
  An orc priest (D:8)
  2 jellies
  An iguana (D:5)
  3 orc wizards
  A hound zombie (D:5)
  Robin (D:3)
  3 gnolls
  A howler monkey skeleton (D:4)
  12 adders
  A shadow imp (Abyss:2)
  A white imp (D:6)
  An adder skeleton (D:5)
  3 worms
  2 dart slugs
  20 orcs
  14 ball pythons
  4 bats
  9 endoplasms
  5 giant cockroaches
  16 goblins
  6 hobgoblins
  6 jackals
  5 kobolds
  4 frilled lizards
  7 rats
212 creatures vanquished.

Vanquished Creatures (others)
  An orc warrior (D:8)
  2 fungi (Lair:1)
  4 plants
7 creatures vanquished.

Grand Total: 219 creatures vanquished

Notes
Turn   | Place    | Note
-------+----------+-------------------------------------------
     0 | Abyss:1  | Gargoyl the Gnoll Abyssal Knight began the quest for the
                  | Orb.
     0 | Abyss:1  | Reached XP level 1. HP: 23/23 MP: 3/3
    68 | Abyss:2  | Found a corrupted altar of Lugonu.
    71 | Abyss:2  | Noticed a smoke demon
   104 | Abyss:2  | Found a corrupted altar of Lugonu.
   194 | Abyss:2  | Reached XP level 2. HP: 10/29 MP: 5/5
   214 | Abyss:2  | Noticed a freezing wraith
   219 | Abyss:2  | Found a corrupted altar of Lugonu.
   219 | Abyss:2  | Noticed a starcursed mass
   222 | D:1      | Escaped the Abyss
   548 | D:1      | Reached * piety under Lugonu
   667 | D:1      | Reached XP level 3. HP: 22/35 MP: 6/6
   687 | D:1      | HP: 1/35 [bat (1)]
  1603 | D:1      | Reached skill level 1 in Short Blades
  1603 | D:1      | Reached skill level 1 in Long Blades
  1603 | D:1      | Reached skill level 1 in Maces & Flails
  1603 | D:1      | Reached skill level 1 in Polearms
  1603 | D:1      | Reached skill level 1 in Staves
  1603 | D:1      | Reached skill level 1 in Slings
  1603 | D:1      | Reached skill level 1 in Bows
  1603 | D:1      | Reached skill level 1 in Crossbows
  1603 | D:1      | Reached skill level 1 in Throwing
  1603 | D:1      | Reached skill level 1 in Stealth
  1603 | D:1      | Reached skill level 1 in Shields
  1603 | D:1      | Reached skill level 1 in Unarmed Combat
  1603 | D:1      | Reached skill level 1 in Spellcasting
  1603 | D:1      | Reached skill level 1 in Evocations
  1603 | D:1      | Reached XP level 4. HP: 31/41 MP: 7/7
  2039 | D:2      | Reached skill level 1 in Conjurations
  2039 | D:2      | Reached skill level 1 in Hexes
  2039 | D:2      | Reached skill level 1 in Summonings
  2039 | D:2      | Reached skill level 1 in Necromancy
  2039 | D:2      | Reached skill level 1 in Translocations
  2039 | D:2      | Reached skill level 1 in Transmutations
  2039 | D:2      | Reached skill level 1 in Fire Magic
  2039 | D:2      | Reached skill level 1 in Ice Magic
  2039 | D:2      | Reached skill level 1 in Air Magic
  2039 | D:2      | Reached skill level 1 in Earth Magic
  2039 | D:2      | Reached skill level 1 in Poison Magic
  2045 | D:2      | Reached ** piety under Lugonu
  2398 | D:2      | Reached XP level 5. HP: 47/47 MP: 8/8
  3471 | D:3      | Identified the +2 helmet of Inaction {rN++ Slay+2}
  3471 | D:3      | Noticed Robin
  3791 | D:3      | Killed Robin
  3971 | D:3      | Reached skill level 5 in Invocations
  4031 | D:3      | Found a blossoming altar of Fedhas.
  4055 | D:3      | Reached XP level 6. HP: 44/53 MP: 9/9
  4066 | D:3      | Reached *** piety under Lugonu
  4316 | D:3      | Found a sacrificial altar of Ru.
  4686 | D:4      | Found a bloodstained altar of Trog.
  4731 | D:4      | Found a shadowy altar of Dithmenos.
  4751 | D:4      | Reached skill level 5 in Axes
  4751 | D:4      | Reached skill level 5 in Armour
  4914 | D:4      | Found a runed translucent door.
  4914 | D:4      | Noticed a human
  4929 | D:4      | Found a basalt altar of Yredelemnul.
  4963 | D:4      | Noticed Sigmund
  5102 | D:4      | Found Nurex's Antique Armour Boutique.
  5279 | D:4      | Found a runed translucent door.
  5280 | D:4      | Noticed Crazy Yiuf
  5306 | D:4      | Noticed a black bear
  5308 | D:4      | Killed a black bear
  5389 | D:4      | Found Axirerui's Assorted Antiques.
  5391 | D:4      | Found Muczal's Jewellery Boutique.
  5392 | D:4      | Found Eguil's Jewellery Boutique.
  5431 | D:4      | Killed Sigmund
  5432 | D:4      | Reached skill level 7 in Fighting
  5432 | D:4      | Reached XP level 7. HP: 45/60 MP: 9/11
  5590 | D:4      | Bought a runed chain mail for 180 gold pieces
  5693 | D:4      | Found Unax's Magic Scroll Boutique.
  5971 | D:4      | Killed Crazy Yiuf
  5981 | D:4      | Identified the +8 mace of Ostriush {drain, rPois Int-5
                  | Dex+7}
  6275 | D:5      | Entered Level 5 of the Dungeon
  6450 | D:5      | Found a burning altar of Makhleb.
  6515 | D:5      | Reached XP level 8. HP: 62/67 MP: 12/12
  6576 | D:5      | You fall into a shaft and drop 3 floors!
  6655 | D:8      | Found a staircase to the Lair.
  6656 | D:8      | Noticed a komodo dragon
  6676 | D:8      | Killed a komodo dragon
  7195 | D:6      | Found a staircase to the Ecumenical Temple.
  8123 | D:7      | Identified a scroll of acquirement
  8123 | D:7      | Acquired a +1 pair of boots of rampaging
  8159 | D:7      | Noticed Harold
  8174 | D:7      | Killed Harold
  8175 | D:7      | Reached skill level 5 in Dodging
  8175 | D:7      | Reached XP level 9. HP: 30/74 MP: 13/15
  8476 | D:7      | Identified the +8 hand axe "Saisicex" {freeze, Str+2}
  8833 | D:7      | Found Diedykh's Assorted Antiques.
  9005 | D:7      | Reached skill level 8 in Fighting
  9217 | D:8      | Noticed Joseph
  9239 | D:8      | Killed Joseph
  9239 | D:8      | Reached **** piety under Lugonu
  9534 | D:8      | Reached XP level 10. HP: 80/80 MP: 17/17
  9537 | D:8      | Identified the amulet "Angedd" {Faith Regen+ SInv}
  9780 | D:8      | Reached skill level 5 in Short Blades
  9780 | D:8      | Reached skill level 5 in Long Blades
  9780 | D:8      | Reached skill level 5 in Maces & Flails
  9780 | D:8      | Reached skill level 5 in Polearms
  9780 | D:8      | Reached skill level 5 in Staves
  9780 | D:8      | Reached skill level 5 in Slings
  9780 | D:8      | Reached skill level 5 in Bows
  9780 | D:8      | Reached skill level 5 in Crossbows
  9780 | D:8      | Reached skill level 5 in Throwing
  9780 | D:8      | Reached skill level 5 in Stealth
  9780 | D:8      | Reached skill level 5 in Shields
  9780 | D:8      | Reached skill level 5 in Unarmed Combat
  9780 | D:8      | Reached skill level 5 in Spellcasting
  9780 | D:8      | Reached skill level 5 in Evocations
 10185 | Lair:1   | Entered Level 1 of the Lair of Beasts
 10185 | Lair:1   | Noticed a cane toad
 10192 | Lair:1   | Killed a cane toad
 10205 | Lair:1   | Noticed Erica
 10206 | Lair:1   | Found a runed translucent gate.
 10207 | Lair:1   | Found a runed translucent gate.
 10207 | Lair:1   | Found a runed translucent gate.
 10208 | Lair:1   | Noticed a five-headed hydra
 10235 | D:8      | Killed Erica
 10478 | Lair:1   | Killed a one-headed hydra
 10591 | Lair:1   | Noticed a cane toad
 10597 | Lair:1   | Killed a cane toad
 10909 | Lair:1   | Reached XP level 11. HP: 62/87 MP: 19/19
 10947 | Lair:1   | Gained mutation: You are frail. (-10% HP) [potion of
                  | mutation]
 10947 | Lair:1   | Gained mutation: You have hidden genetic potential. [potion
                  | of mutation]
 11112 | Lair:1   | Reached skill level 9 in Fighting
 11173 | Lair:1   | Reached skill level 5 in Conjurations
 11173 | Lair:1   | Reached skill level 5 in Hexes
 11173 | Lair:1   | Reached skill level 5 in Summonings
 11173 | Lair:1   | Reached skill level 5 in Necromancy
 11173 | Lair:1   | Reached skill level 5 in Translocations
 11173 | Lair:1   | Reached skill level 5 in Transmutations
 11173 | Lair:1   | Reached skill level 5 in Fire Magic
 11173 | Lair:1   | Reached skill level 5 in Ice Magic
 11173 | Lair:1   | Reached skill level 5 in Air Magic
 11173 | Lair:1   | Reached skill level 5 in Earth Magic
 11173 | Lair:1   | Reached skill level 5 in Poison Magic
 12157 | Lair:1   | Noticed mojasp's ghost (journeyman DsNe)
 12157 | Lair:1   | Noticed Oshino's ghost (journeyman HOFi)
 12192 | Lair:1   | Killed Oshino's ghost
 12206 | Lair:1   | Killed mojasp's ghost
 12551 | Lair:2   | Found a runed translucent gate.
 12551 | Lair:2   | Found a runed translucent gate.
 12551 | Lair:2   | Found a runed translucent gate.
 12552 | Lair:2   | Found a viscous altar of Jiyva.
 12552 | Lair:2   | Noticed Onib's ghost (journeyman MiBe)
 12568 | Lair:2   | Slain by Onib's ghost

Illustrated notes

Levels and vault maps discovered:
D:1:      tarquinn_simple_flora_water_e, layout_rooms
D:2:      layout_basic, hex_large, minmay_snake_closets
D:3:      layout_basic, mainiacjoe_overflow_chevrons, nicolae_ru_awakened_eye,
          uniq_robin
D:4:      layout_loops_cross, mainiacjoe_overflow_tiny_flanked,
          nicolae_dithmenos_shadow_blocks, dk_yredelemnul_ordeal, serial_shops,
          kennysheep_little_box, hangedman_decor_lopped,
          minmay_shop_grid_forest, uniq_crazy_yiuf_cottage, uniq_sigmund
D:5:      kennysheep_spiral_hall, layout_cave_pools,
          mainiacjoe_overflow_cross_hatched
D:6:      layout_basic, minmay_temple_entry_statues
D:7:      layout_basic, serial_shops, kennysheep_mini,
          kennysheep_generic_room_2, uniq_harold
D:8:      layout_loops_corners, david_lair_shrubbed, uniq_joseph
Lair:1:   layout_loops_ring, gammafunk_ghost_cemetery, enter_volcano_1,
          special_room [special_room_bee], uniq_erica
Lair:2:   layout_regular_city, gammafunk_ghost_ooze, lemuel_fruit_tree

Skill      XL: |  1  2  3  4  5  6  7  8  9 10 11 |
---------------+----------------------------------+-----
Short Blades   | 1 2 4 5 6 |  6.7
Long Blades    | 1 2 4 5 6 |  6.7
Maces & Flails | 1 2 4 5 6 |  6.7
Polearms       | 1 2 4 5 6 |  6.7
Staves         | 1 2 4 5 6 |  6.7
Slings         | 1 2 4 5 6 |  6.7
Bows           | 1 2 4 5 6 |  6.7
Crossbows      | 1 2 4 5 6 |  6.7
Throwing       | 1 2 4 5 6 |  6.7
Stealth        | 1 2 4 5 6 |  6.7
Shields        | 1 2 4 5 6 |  6.7
Unarmed Combat | 1 2 4 5 6 |  6.7
Spellcasting   | 1 2 4 5 6 |  6.7
Evocations     | 1 2 4 5 6 |  6.7
Conjurations   | 1 2 3 4 5 |  5.5
Hexes          | 1 2 3 4 5 |  5.5
Summonings     | 1 2 3 4 5 |  5.5
Necromancy     | 1 2 3 4 5 |  5.5
Translocations | 1 2 3 4 5 |  5.5
Transmutations | 1 2 3 4 5 |  5.5
Fire Magic     | 1 2 3 4 5 |  5.5
Ice Magic      | 1 2 3 4 5 |  5.5
Air Magic      | 1 2 3 4 5 |  5.5
Earth Magic    | 1 2 3 4 5 |  5.5
Poison Magic   | 1 2 3 4 5 |  5.5
Dodging        | 3 5 6 7 |  7.2
Invocations    | 5 6 7 8 |  8.7
Axes           | 5 6 7 8 |  8.2
Armour         | 5 6 7 8 |  8.2
Fighting       | 7 8 9 |  9.4

Action                   |  1- 3 |  4- 6 |  7- 9 | 10-12 || total
-------------------------+-------+-------+-------+-------++-------
Melee: Hand axe          |    74 |   243 |    14 |       ||   331
       Bite              |     4 |    23 |    20 |    50 ||    97
       Mace              |       |       |   156 |   300 ||   456
       Punch             |       |       |     2 |       ||     2
       Scimitar          |       |       |       |     5 ||     5
Invok: Depart the Abyss  |     1 |       |       |       ||     1
Evoke: Wand              |     2 |     2 |     1 |       ||     5
  Use: Scroll            |       |     7 |     4 |     4 ||    15
       Potion            |       |     1 |       |     1 ||     2
 Stab: Sleeping          |       |     1 |       |       ||     1
Armor: Leather armour    |    39 |       |       |       ||    39
       Ring mail         |     1 |    71 |       |       ||    72
       Chain mail        |       |     9 |    94 |   196 ||   299
       Skin              |       |     8 |       |       ||     8
Dodge: Dodged            |    97 |   162 |    65 |   137 ||   461
Block: Buckler           |       |       |     6 |    76 ||    82

Table legend: (Time is in decaauts)
 A = Elapsed time spent in this place.
 B = Non-inter-level travel time spent in this place.
 C = Inter-level travel time spent in this place.
 D = Time resting spent in this place.
 E = Time spent auto-exploring this place.
 F = Levels seen in this place.
 G = Mean time per level.
                   A        B        C        D        E       F      G
               +--------+--------+--------+--------+--------+-----+--------+
         Total |  12662 |  12255 |    407 |   1759 |   8408 |  12 | 1055.2 |
       Dungeon |  10275 |   9891 |    384 |   1560 |   6801 |   8 | 1284.4 |
          Lair |   2165 |   2143 |     22 |    136 |   1485 |   2 | 1082.5 |
         Abyss |    222 |    222 |      0 |     63 |    122 |   2 |  111.0 |
               +--------+--------+--------+--------+--------+-----+--------+

Top non-repeatable levels by time:
  Lair:1: 1962 daAuts
     D:4: 1831 daAuts
     D:8: 1657 daAuts
     D:1: 1573 daAuts
     D:2: 1418 daAuts
     D:6: 1255 daAuts
     D:3: 1254 daAuts
     D:7: 751 daAuts
     D:5: 532 daAuts
  Lair:2: 203 daAuts
 Abyss:2: 154 daAuts
 Abyss:1: 68 daAuts
